 Dungeon Crawl Stone Soup version 0.29.1-1-gd02db6906a (webtiles) character file.

Game seed: 17584016715436967147

29 jimonade the Shooter (level 3, -4/20 HPs)
             Began as a Deep Elf Hunter on Sept 22, 2022.
             Slain by Natasha (6 damage)
             ... on level 2 of the Dungeon.
             The game lasted 00:01:59 (1306 turns).

jimonade the Shooter (Deep Elf Hunter)              Turns: 1306, Time: 00:01:59

Health: -4/20      AC:  3    Str:  8    XL:     3   Next: 1%
Magic:  5/5        EV: 13    Int: 13    God:
Gold:   165        SH:  0    Dex: 26    Spells: 2/2 levels left

rFire   . . .      SeeInvis .   a - +0 shortbow
rCold   . . .      Faith    .   (shield currently unavailable)
rNeg    . . .      Spirit   .   c - +0 leather armour
rPois   .          Reflect  .   (no helmet)
rElec   .          Harm     .   (no cloak)
rCorr   .          Rampage  .   (no gloves)
Will    .....                   (no boots)
Stlth   ++........              (no amulet)
HPRegen 0.06/turn               n - +6 ring of dexterity
MPRegen 0.09/turn               (no ring)

@: no status effects
A: no striking features
a: no special abilities


You were on level 2 of the Dungeon.
You visited 1 branch of the dungeon, and saw 2 of its levels.

You collected 165 gold pieces.

Inventory:

Hand Weapons
 a - a +0 shortbow (weapon)
 l - a +0 rapier
Armour
 c - a +0 leather armour (worn)
Jewellery
 n - a +6 ring of dexterity (left hand)
Scrolls
 b - a scroll of immolation
 e - 2 scrolls of poison {unknown}
 f - 2 scrolls of identify {unknown}
 i - a scroll of torment {unknown}
 j - a scroll of enchant weapon {unknown}
 m - a scroll of blinking {unknown}
Potions
 d - a potion of degeneration {unknown}
 g - a potion of ambrosia {unknown}
 h - 2 potions of flight {unknown}
 k - a potion of resistance {unknown}


   Skills:
 - Level 1.5 Fighting
 + Level 6.6 Ranged Weapons
 - Level 2.4 Dodging
 - Level 1.2 Stealth


You had 2 spell levels left.
You didn't know any spells.
Your spell library contained the following spells:

 Spells                   Type           Power      Damage    Failure   Level
 Apportation              Tloc           0%         N/A       41%         1
 Necrotise                Necr           0%         1d4       41%         1
 Sandblast                Erth           0%         2d4       41%         1
 Summon Small Mammal      Summ           0%         N/A       41%         1
 Passwall                 Tmut/Erth      0%         N/A       56%         2
 Stone Arrow              Conj/Erth      0%         3d7       80%         3


Dungeon Overview and Level Annotations

Branches:
Dungeon (2/15)

Altars:

Annotations:
D:2 Natasha


Message History

Natasha, Servant of Life and Death comes into view.
Natasha hisses angrily.
Natasha wildly gestures.
You feel troubled.
You shoot an arrow. The arrow closely misses Natasha.
You shoot an arrow.
The arrow hits Natasha but does no damage.
Natasha mumbles some strange words.
You shoot an arrow. The arrow hits Natasha!
Natasha is heavily wounded.
You shoot an arrow. The arrow hits Natasha.
Natasha is almost dead.
Natasha completely misses you.
You shoot an arrow.
The arrow hits Natasha but does no damage.
Natasha is almost dead.
Natasha casts a spell at you. The magic dart hits you.
You shoot an arrow.
The arrow hits Natasha but does no damage.
Natasha is almost dead.
The crimson imp closely misses you.
Natasha mumbles some strange words.
The crimson imp barely misses you.
You shoot an arrow. The arrow barely misses Natasha.
Natasha casts a spell at you. The magic dart hits you.
The crimson imp hits you but does no damage.
You are too injured to fight recklessly!
You are too injured to fight recklessly!
Fire: a) +0 shortbow
Press: ? - help, Q - select action Shift-Dir - straight line, f/p - Natasha
Aim: Natasha (almost dead, 62% to hit)
You shoot an arrow. The arrow barely misses Natasha.
Natasha claws you.
* * * LOW HITPOINT WARNING * * *
The crimson imp hits you.
* * * LOW HITPOINT WARNING * * *
The crimson imp misses you. Natasha claws you.
You die...

....####### ....#
....# ....#
####+###### #####
#........).
#..........
###########..........
#.........'..55......
#...#######..@h......
#...# ####..##### #
#...# ..# ## #...#
.... .# #.### ..###
.###.# ... .....#
..## ###†.# ..#
........#


You could see Natasha and 2 crimson imps.

Vanquished Creatures
  A dart slug (D:1)
  3 bats
  An endoplasm (D:1)
  A goblin (D:1)
  8 hobgoblins
  2 kobolds (D:1)
  3 ball pythons (D:1)
  3 frilled lizards
  4 rats
26 creatures vanquished.

Vanquished Creatures (others)
  A fungus (D:1)
1 creature vanquished.

Grand Total: 27 creatures vanquished

Notes
Turn   | Place    | Note
-------+----------+-------------------------------------------
     0 | D:1      | jimonade the Deep Elf Hunter began the quest for the Orb.
     0 | D:1      | Reached XP level 1. HP: 12/12 MP: 3/3
   327 | D:1      | Found a faded altar of an unknown god.
   334 | D:1      | Reached XP level 2. HP: 16/16 MP: 4/4
   336 | D:1      | Reached skill level 6 in Ranged Weapons
  1271 | D:2      | Reached XP level 3. HP: 20/20 MP: 5/5
  1298 | D:2      | Noticed Natasha
  1306 | D:2      | Slain by Natasha

Illustrated notes

Levels and vault maps discovered:
D:1:      lightli_arrival_statuegarden, layout_loops_ring,
          shapermc_ecumenical_altar_acropolis, corexii_corridor_pit
D:2:      layout_basic, minmay_misc_feat_four_crosses, minmay_lizard_king,
          uniq_sigmund, uniq_natasha

Skill      XL: |  1  2 |
---------------+-------+-----
Ranged Weapons | 6 |  6.6
Fighting       | |  1.5
Dodging        | |  2.4
Stealth        | |  1.2

Action                   || total
-------------------------++-------
 Fire: Shortbow          ||    67
Armor: Leather armour    ||     2
Dodge: Dodged            ||    13
